 Dungeon Crawl Stone Soup version 0.26.1-16-g4e020e15dc (webtiles) character file.

Game seed: 17388729287490808439

1437 Irreverend the Ruffian (level 8, -1/83 HPs)
             Began as a Troll Berserker on Jan 18, 2021.
             Was an Elder of Trog.
             Slain by a centaur (4 damage)
             ... on level 6 of the Dungeon on May 8, 2023.
             The game lasted 00:21:43 (5079 turns).

Irreverend the Ruffian (Troll Berserker)            Turns: 5079, Time: 00:21:43

Health: -1/83      AC:  7    Str: 28    XL:     8   Next: 45%
Magic:  7/7        EV: 11    Int:  3    God:    Trog [****..]
Gold:   247        SH:  0    Dex:  9    Spells: 7/7 levels left

rFire    . . .     SeeInvis .     - Unarmed
rCold    . . .     Faith    +   (no shield)
rNeg     . . .     Spirit   .   a - +0 animal skin
rPois    +         Reflect  .   (helmet restricted)
rElec    .         Harm     .   y - +0 cloak
rCorr    .         Rampage  .   (gloves unavailable)
Will     .....                  (boots unavailable)
Stlth    +.........             i - amulet of faith (curse)
HPRegen  0.63/turn              v - +4 ring of slaying
MPRegen  0.10/turn              x - ring of poison resistance

@: no status effects
A: large, unfitting armour, claws 3, regeneration 1, shaggy fur 1, tough skin 3
a: Renounce Religion, Berserk, Trog's Hand, Brothers in Arms


You were on level 6 of the Dungeon.
You worshipped Trog.
Trog was greatly pleased with you.
You visited 1 branch of the dungeon, and saw 6 of its levels.

You collected 247 gold pieces.

Inventory:

Hand Weapons
 c - a +2 dagger of venom
 q - a +4 flail
Missiles
 d - 122 stones
Armour
 a - a +0 animal skin (worn)
 y - a +0 cloak (worn)
Jewellery
 b - an uncursed ring of stealth
 i - a cursed amulet of faith (around neck)
 n - a +4 ring of evasion
 v - a +4 ring of slaying (left claw)
 w - an uncursed ring of fire
 x - a ring of poison resistance (right claw)
 A - an uncursed ring of see invisible
Wands
 t - a wand of disintegration (6)
 u - a wand of digging (3)
Scrolls
 f - a scroll of enchant weapon {unknown}
 g - 3 scrolls of enchant armour {unknown}
 h - 2 scrolls of magic mapping {unknown}
 j - a scroll of fog {unknown}
 m - 2 scrolls of teleportation
 o - 6 scrolls of identify {unknown}
 p - a scroll of immolation {unknown}
 z - 2 scrolls of remove curse {unknown}
Potions
 e - 2 potions of mutation {unknown}
 k - 3 potions of might {unknown}
 l - 2 potions of curing {unknown}
 r - a potion of berserk rage {unknown}
 s - a potion of resistance {unknown}


   Skills:
 * Level 6.0 Fighting
 + Level 4.5 Dodging
 * Level 7.3 Unarmed Combat


You had 7 spell levels left.
You didn't know any spells.
Your spell library contained the following spells:

 Spells                   Type           Power        Failure   Level
 Gell's Gravitas          Tloc           0%           88%         3
 Portal Projectile        Hex/Tloc       0%           88%         3
 Dispersal                Tloc           0%           100%        6
 Disjunction              Tloc           0%           100%        8


Dungeon Overview and Level Annotations

Branches:
Dungeon (6/15)
 Temple: D:4-7

Altars:
Elyvilon
Fedhas
Gozag
Uskayaw
Wu Jian
Zin
Beogh


Innate Abilities, Weirdness & Mutations

You are too large for most types of armour.
You have claws for hands.
Your natural rate of healing is unusually fast.
You are covered in fur. (AC +1)
You have extremely tough skin. (AC +3)


Message History

The centaur hits you.
* * * LOW HITPOINT WARNING * * *
The centaur barely misses you. The centaur hits you!
* * * LOW HITPOINT WARNING * * *
The centaur closely misses you. The centaur misses you. The centaur hits you.
* * * LOW HITPOINT WARNING * * *
The centaur hits you but does no damage.
The centaur barely misses you. The centaur hits you.
* * * LOW HITPOINT WARNING * * *
The centaur hits you but does no damage.
The centaur hits you.
* * * LOW HITPOINT WARNING * * *
The centaur hits you.
* * * LOW HITPOINT WARNING * * *
The centaur hits you.
* * * LOW HITPOINT WARNING * * *
The centaur closely misses you. x2
The centaur hits you.
You die...

#+ #.# #.#
##(##
#####...##
.$.......
#......#
#..# #@.#
#..c......#
###..######
#..# #..#
.... #.##
#.#


You could see a centaur.

Vanquished Creatures
  The ghost of Dillybarz the Covered, an amateur BaFi (D:4)
  An orc warrior (D:3)
  2 ogres (D:4)
  A phantom (D:5)
  A vampire bat (D:3)
  A bullfrog zombie (D:4)
  2 centaur zombies (D:4)
  A bullfrog skeleton (D:4)
  6 orc priests
  2 centaur skeletons (D:4)
  2 orc wizards (D:3)
  3 worker ants (D:4)
  2 hound zombies (D:4)
  3 worker ant zombies (D:4)
  3 gnolls (D:5)
  5 adders
  A shadow imp (D:5)
  An ooze (D:2)
  An adder zombie (D:4)
  An adder skeleton (D:4)
  4 worms
  A dart slug (D:3)
  3 fire bats (D:3)
  3 leopard geckos
  23 orcs
  2 spectral bats (D:3)
  2 ball pythons
  14 bats
  3 bat skeletons (D:3)
  A bat zombie (D:3)
  5 giant cockroaches
  6 goblins
  2 hobgoblins
  7 kobolds
  3 quokkas
  A bat simulacrum (D:3)
  7 frilled lizards
  A leopard gecko zombie (D:4)
  13 rats
141 creatures vanquished.

Vanquished Creatures (others)
  A withered plant (D:4)
1 creature vanquished.

Grand Total: 142 creatures vanquished

Notes
Turn   | Place    | Note
-------+----------+-------------------------------------------
     0 | D:1      | Irreverend the Troll Berserker began the quest for the Orb.
     0 | D:1      | Reached XP level 1. HP: 22/22 MP: 0/0
   128 | D:1      | Reached XP level 2. HP: 24/29 MP: 1/1
   711 | D:2      | Reached ** piety under Trog
   844 | D:2      | Reached XP level 3. HP: 34/36 MP: 2/2
   941 | D:2      | Found a white marble altar of Elyvilon.
  1030 | D:2      | Found an opulent altar of Gozag.
  1031 | D:2      | Found a hide-covered altar of Uskayaw.
  1169 | D:2      | Found a glowing silver altar of Zin.
  1419 | D:3      | Reached skill level 4 in Unarmed Combat
  1419 | D:3      | Reached XP level 4. HP: 45/45 MP: 3/3
  1517 | D:3      | Found a blossoming altar of Fedhas.
  1811 | D:3      | Reached XP level 5. HP: 54/54 MP: 4/4
  1838 | D:3      | Reached *** piety under Trog
  2398 | D:3      | Reached XP level 6. HP: 56/62 MP: 5/5
  2407 | D:3      | Reached skill level 5 in Unarmed Combat
  3010 | D:3      | Noticed an orc warrior
  3029 | D:3      | Killed an orc warrior
  3784 | D:4      | Reached XP level 7. HP: 65/71 MP: 6/6
  3829 | D:4      | Reached skill level 6 in Unarmed Combat
  3858 | D:4      | Reached skill level 5 in Fighting
  3933 | D:4      | Reached **** piety under Trog
  4065 | D:4      | Noticed Dillybarz's ghost (amateur BaFi)
  4066 | D:4      | Found a runed translucent gate.
  4066 | D:4      | Found a runed translucent gate.
  4066 | D:4      | Found a runed translucent gate.
  4066 | D:4      | Identified the +10 dagger of Tenoum {vorpal, rElec Str+6
                  | Int-5}
  4067 | D:4      | Found a roughly hewn altar of Beogh.
  4089 | D:4      | Killed Dillybarz's ghost
  4090 | D:4      | Reached skill level 7 in Unarmed Combat
  4090 | D:4      | Reached XP level 8. HP: 83/83 MP: 7/7
  4844 | D:5      | Entered Level 5 of the Dungeon
  4866 | D:5      | Found an ornate altar of the Wu Jian Council.
  4972 | D:5      | Upgraded the game from 0.26.0-16-gc1dbca0489 to
                  | 0.26.1-16-g4e020e15dc
  5077 | D:6      | HP: 2/83 [centaur (6)]
  5079 | D:6      | Slain by a centaur

Illustrated notes

Levels and vault maps discovered:
D:1:      wander_arrival_fairy_ring, layout_loops_ring, minmay_misc_feat_plants
D:2:      layout_rooms, lemuel_crystal_altar, old_standard_altar,
          gammafunk_temple_overflow_pools, grunt_ministairs_6
D:3:      layout_loops_ring, old_standard_altar, goddamned_bats
D:4:      layout_loops_ring, serial_undead, serial_undead_e, serial_undead_d,
          serial_undead_a, serial_undead_a, biasface_ghost_orc_armoury
D:5:      layout_loops_corners, nicolae_overflow_crystal_walls,
          makhleb_blood_cavern_becter, lemuel_round_altar, kennysheep_potato,
          uniq_grinder
D:6:      layout_loops_corners, serial_shops, nicolae_shop_statue_plus, shop,
          shop, uniq_duvessa

Skill      XL: |  1  2  3  4  5  6  7  8 |
---------------+-------------------------+-----
Fighting       | 3 4 5 6 |  6.0
Unarmed Combat | 4 5 7 |  7.3
Dodging        | 3 4 |  4.5

Action                   |  1- 3 |  4- 6 |  7- 9 || total
-------------------------+-------+-------+-------++-------
Melee: Unarmed           |    97 |   152 |   115 ||   364
       Punch             |     1 |     3 |     3 ||     7
Invok: Berserk           |     1 |     3 |     3 ||     7
       Trog's Hand       |       |     1 |     1 ||     2
  Use: Scroll            |     2 |       |       ||     2
 Stab: Sleeping          |     1 |     1 |     1 ||     3
Armor: Animal skin       |    42 |   116 |    33 ||   191
Dodge: Dodged            |    43 |   140 |   114 ||   297
